 Dungeon Crawl Stone Soup version 0.17-a0-129-g9432df0 (webtiles) character file.

44918 PolkaDot the Bewitcher (level 13, -9/79 HPs)
             Began as a Vampire Enchanter on Mar 24, 2015.
             Was a High Priest of Ashenzari.
             Mangled by a red ugly thing (23 damage)
             ... on level 14 of the Dungeon.
             The game lasted 01:06:27 (19544 turns).

PolkaDot the Bewitcher (Vampire Enchanter)         Turns: 19544, Time: 01:06:28

Health: -9/79      AC:  9    Str:  5    XL:     13   Next: 98%
Magic:  26/26      EV: 17    Int: 19    God:    Ashenzari [*****.]
Gold:   900        SH:  0    Dex: 14    Spells: 6 memorised, 2 levels left

rFire  . . .     SeeInvis +     k - +7 dagger (vamp) (curse)
rCold  . . .     Clarity  +     I - +1 troll leather armour (curse)
rNeg   . . .     SustAb   .     (no shield)
rPois  .         Gourm    .     E - +0 helmet (curse)
rElec  .         Spirit   .     v - +0 cloak (curse)
rCorr  +         Warding  .     (no gloves)
rMut   .         Stasis   .     d - +0 pair of boots (curse)
MR     +....                    a - amulet of resist corrosion (curse)
Stlth  ++++++++..               r - +4 ring of evasion (curse)
                                h - ring of invisibility (curse)

@: very slightly contaminated, regenerating very quickly, invisible (expiring),
somewhat resistant to hostile enchantments, extraordinarily stealthy
A: bottle blood, fangs 3, see invisible, deterioration 1, dopey 1, weak 1,
unbreathing
a: Scrying, Transfer Knowledge, Renounce Religion, Turn Visible


You were on level 14 of the Dungeon.
You worshipped Ashenzari.
Ashenzari was extremely pleased with you.
You were almost alive.

You visited 2 branches of the dungeon, and saw 15 of its levels.

You collected 900 gold pieces.

Inventory:

Hand weapons
 k - a cursed +7 vampiric dagger (weapon)
Missiles
 x - 3 throwing nets (quivered)
Armour
 d - a cursed +0 pair of boots (worn)
 v - a cursed +0 cloak (worn)
 E - a cursed +0 helmet (worn)
 I - a cursed +1 troll leather armour (worn)
Jewellery
 a - a cursed amulet of resist corrosion (around neck)
 h - a cursed ring of invisibility (left hand)
 r - a cursed +4 ring of evasion (right hand)
Magical devices
 b - a wand of teleportation (6)
 q - a wand of disintegration (9)
 y - a wand of confusion (8)
 B - a wand of digging (10)
Scrolls
 c - 3 scrolls of teleportation
 j - 4 scrolls of curse armour
 m - 3 scrolls of immolation
 n - 2 scrolls of amnesia
 p - a scroll of summoning
 t - 5 scrolls of curse weapon
Potions
 f - 2 potions of might
 i - a potion of restore abilities
 o - a potion of resistance
 s - 2 potions of flight
 w - a potion of brilliance
 z - 2 potions of magic
 F - 2 potions of haste
 H - 19 potions of blood {@*1}


   Skills:
 - Level 9.3(13.1) Short Blades
 + Level 4.0 Armour
 - Level 2.1(4.2) Dodging
 + Level 18.1(20.1) Stealth
 - Level 2.0 Spellcasting
 * Level 20.8(23.8) Hexes
 - Level 1.2(3.6) Ice Magic
 - Level 10.1(13.9) Evocations


You had 2 spell levels left.
You knew the following spells:

 Your Spells              Type           Power        Failure   Level  Hunger
a - Corona                Hex            #######      0%          1    #......
c - Confuse               Hex            #######.     0%          3    ###....
d - Ensorcelled Hibernat  Hex/Ice        ######       1%          2    ###....
e - Enslavement           Hex            #######.     0%          4    #####..
q - Blink                 Tloc           N/A          34%         2    ###....
D - Repel Missiles        Chrm/Air       #.....       34%         2    ###....


Dungeon Overview and Level Annotations

Branches:
Dungeon (14/15)            Temple (1/1) D:4            Lair (0/8) D:9
    Orc (0/4) D:12         Vaults (0/5) D:13

Altars:
Ashenzari
Cheibriados
Elyvilon
Fedhas
Gozag
Kikubaaqudgha
Makhleb
Okawaru
Qazlal
Ru
Sif Muna
Trog
Yredelemnul
Zin
The Shining One

Annotations:
D:14 1 exclusion


Innate Abilities, Weirdness & Mutations

Your natural rate of healing is extremely fast.
You can bottle blood from corpses.
You have razor-sharp teeth.
You have supernaturally acute eyesight.
You can survive without breathing.
Your body is slowly deteriorating.
You are dopey. (Int -2)
You are weak. (Str -2)


Message History

The red ugly thing is almost dead.
You closely miss the red ugly thing.
The red ugly thing is almost dead.
The red ugly thing kicks you!
* * * LOW HITPOINT WARNING * * *
You are engulfed in flames!!
* * * LOW HITPOINT WARNING * * *
The red ugly thing gurgles horribly!
You closely miss the red ugly thing.
The red ugly thing is almost dead.
The red ugly thing gurgles horribly!
You strike the helpless red ugly thing from behind!
You hit the red ugly thing!!!
You feel better.
You kill the red ugly thing!
You hit the red ugly thing. Your bite misses the red ugly thing.
The red ugly thing is lightly wounded.
The red ugly thing pecks you!
* * * LOW HITPOINT WARNING * * *
You are engulfed in flames!!
You die...

..........[....................#
#^...#.....##......##..........#
#......#######....###..#....[..
#........### #...###...#......,
.....###...###...###.........#
#....#####..................##
)...)..................######
.#...#####......u.#...## ...###
##.....=@.<...# ####
###............#######
###....................#
#......................#
#####...##........††.......#
..........#................#
.....#.#...........#...#####
......................## ###
...................#...# ##.##


You could see a red ugly thing.

Vanquished Creatures
  A sphinx (D:14)
  A stone giant (D:14)
  4 vault guards (D:13)
  Harold (D:13)
  A hydra (D:13)
  Nessos (D:11)
  A catoblepas (D:14)
  3 centaur warriors
  Urug (D:13)
  A skeletal warrior (D:14)
  3 unseen horrors
  10 hill giants
  A wizard (D:14)
  2 griffons
  6 ugly things
  A phantasmal warrior (D:14)
  A cyclops (D:11)
  2 centaur zombies (D:12)
  A manticore (D:14)
  2 gargoyles
  2 fire drakes (D:14)
  A komodo dragon (D:9)
  A tengu conjurer (D:14)
  4 two-headed ogres
  4 trolls
  3 ravens (D:14)
  A trapdoor spider zombie (D:14)
  A trapdoor spider (D:14)
  2 basilisks (D:14)
  2 wraiths
  14 yaks
  2 deep elf magi
  Eustachio (D:6)
  Grum (D:13)
  8 wyverns
  11 hippogriffs
  4 hungry ghosts
  3 vampire mosquitoes (D:14)
  A deep elf fighter (D:14)
  2 wargs (D:12)
  2 wolves (D:13)
  6 sky beasts
  7 ogres
  4 phantoms
  4 black bears
  A wasp (D:14)
  5 ice beasts
  17 centaurs
  7 orc warriors
  A crocodile (D:13)
  2 necrophages (D:8)
  Sigmund (D:3)
  Duvessa (D:6)
  A brain worm (D:13)
  3 big kobolds
  8 giant frogs
  A water moccasin zombie (D:9)
  A wyvern zombie (D:14)
  17 killer bees
  4 scorpions
  2 troll zombies (D:11)
  A wight (D:12)
  2 quasits
  Dowan (D:6)
  10 crimson imps
  5 giant frog zombies
  2 goliath beetles
  9 jellies
  3 giant frog skeletons
  5 centaur skeletons
  7 hounds
  10 orc priests
  16 orc wizards
  3 iguanas
  A gnoll shaman (D:8)
  15 worker ants
  4 ogre zombies (D:11)
  2 hound zombies (D:5)
  A necrophage skeleton (D:8)
  2 hound skeletons
  A worker ant zombie (D:5)
  8 gnolls
  A human zombie (D:6)
  A giant mite (D:3)
  9 adders
  3 giant eyeballs (D:12)
  4 shadow imps
  5 worms
  2 adder skeletons
  3 giant geckos
  5 oozes (D:8)
  71 orcs
  19 bats
  2 bat skeletons
  A bat zombie (D:5)
  17 goblins
  15 hobgoblins
  9 jackals
  39 kobolds
  5 quokkas
  A ball python (D:4)
  4 giant cockroaches
  A giant cockroach zombie (D:5)
  7 giant newts
  4 goblin skeletons (D:11)
  2 goblin zombies (D:11)
  2 hobgoblin skeletons (D:11)
  2 hobgoblin zombies (D:11)
  An orc skeleton (D:11)
  8 orc zombies (D:11)
  19 rats
  23 ballistomycetes
  A plant (D:9)
601 creatures vanquished.

Vanquished Creatures (collateral kills)
  2 fire drakes (D:14)
  A basilisk (D:14)
  2 wyverns (D:14)
  2 hippogriffs (D:14)
  An eye of draining (D:12)
  A hell hound (D:14)
  A wight (D:13)
  An orc priest (D:13)
  An adder (D:12)
  An orc (D:13)
13 creatures vanquished.

Vanquished Creatures (others)
  3 hydras (D:14)
  A centaur warrior (D:13)
  A manticore (D:14)
  A fire drake (D:14)
  A basilisk (D:14)
  A hell hound (D:14)
  A centaur (D:14)
  An orc (D:11)
  5 giant spores
  4 ballistomycetes (D:13)
19 creatures vanquished.

Grand Total: 633 creatures vanquished

Notes
Turn   | Place    | Note
--------------------------------------------------------------
     0 | D:1      | PolkaDot, the Vampire Enchanter, began the quest for the Orb.
     0 | D:1      | Reached XP level 1. HP: 13/13 MP: 3/3
   432 | D:1      | Reached XP level 2. HP: 19/19 MP: 2/4
  1068 | D:2      | Reached skill level 1 in Evocations
  1089 | D:2      | Learned a level 2 spell: Ensorcelled Hibernation
  1120 | D:2      | Reached skill level 5 in Hexes
  1244 | D:2      | Reached XP level 3. HP: 20/24 MP: 6/6
  1793 | D:2      | Reached skill level 5 in Stealth
  1910 | D:3      | Noticed Sigmund
  1920 | D:3      | Killed Sigmund
  1920 | D:3      | Reached skill level 1 in Ice Magic
  1920 | D:3      | Reached XP level 4. HP: 17/30 MP: 7/7
  2183 | D:3      | Reached XP level 5. HP: 35/35 MP: 9/9
  2610 | D:3      | Reached skill level 6 in Stealth
  2884 | D:3      | Reached XP level 6. HP: 41/41 MP: 8/10
  3662 | D:4      | HP: 2/41 [phantom (5)]
  3677 | D:4      | Learned a level 3 spell: Confuse
  3859 | D:4      | Reached skill level 7 in Stealth
  3859 | D:4      | Reached XP level 7. HP: 46/46 MP: 10/12
  3879 | D:4      | Learned a level 4 spell: Enslavement
  3898 | D:4      | Found a basalt altar of Yredelemnul.
  3967 | D:4      | Reached skill level 5 in Evocations
  4242 | D:4      | Found a staircase to the Ecumenical Temple.
  4265 | Temple   | Entered the Ecumenical Temple
  4375 | Temple   | Became a worshipper of Ashenzari the Shackled
  4591 | D:5      | Entered Level 5 of the Dungeon
  5095 | D:5      | Reached skill level 8 in Stealth
  5145 | D:5      | Reached XP level 8. HP: 52/52 MP: 16/16
  5571 | D:5      | Found an ancient bone altar of Kikubaaqudgha.
  5794 | D:6      | Noticed Eustachio
  5806 | D:6      | Killed Eustachio
  5890 | D:6      | Noticed Duvessa
  5890 | D:6      | Noticed Dowan
  5918 | D:6      | Killed Duvessa
  5918 | D:6      | Reached skill level 9 in Stealth
  5931 | D:6      | Killed Dowan
  7050 | D:7      | Found a bloodstained altar of Trog.
  7053 | D:7      | Reached XP level 9. HP: 57/57 MP: 17/20
  7059 | D:7      | Reached skill level 10 in Stealth
  7659 | D:7      | Acquired Ashenzari's first power
  8257 | D:8      | Reached skill level 10 in Hexes
  8814 | D:8      | Identified the +9 falchion of Kismet {holy, rN+ Int+2 Dex-2 SInv}
  8844 | D:8      | Noticed a hill giant
  8856 | D:8      | Killed a hill giant
  8856 | D:8      | Reached skill level 11 in Stealth
  8987 | D:8      | Reached skill level 10 in Evocations
  8987 | D:8      | Reached XP level 10. HP: 63/63 MP: 20/22
  9205 | D:8      | Found an iron altar of Okawaru.
  9864 | D:9      | Reached skill level 12 in Stealth
 10076 | D:9      | Found a staircase to the Lair.
 10180 | D:9      | Acquired Ashenzari's second power
 10790 | D:10     | Entered Level 10 of the Dungeon
 10807 | D:10     | Noticed a hill giant
 10824 | D:10     | Killed a hill giant
 10824 | D:10     | Reached skill level 13 in Stealth
 11140 | D:10     | Reached skill level 5 in Short Blades
 11401 | D:10     | Noticed a hill giant
 11405 | D:10     | Killed a hill giant
 11449 | D:10     | Reached XP level 11. HP: 64/68 MP: 17/24
 11851 | D:11     | Noticed Nessos
 11863 | D:11     | Killed Nessos
 11863 | D:11     | Reached skill level 14 in Hexes
 11897 | D:11     | Identified the +2 hunting sling "Schimik" {freeze, Int+3 SInv}
 11920 | D:11     | Noticed an unseen horror
 11932 | D:11     | Killed an unseen horror
 11950 | D:11     | Identified the +2 ring mail of Eternal Night {+Inv MR+ Regen+ rCorr}
 12477 | D:11     | Found a staircase to the Orcish Mines.
 12547 | D:11     | Reached skill level 15 in Hexes
 14255 | D:12     | Reached skill level 16 in Hexes
 14392 | D:12     | Noticed a hill giant
 14398 | D:12     | Killed a hill giant
 14431 | D:12     | Reached XP level 12. HP: 74/74 MP: 13/25
 14613 | D:12     | Acquired Ashenzari's third power
 14638 | D:12     | Noticed a hill giant
 14644 | D:12     | Killed a hill giant
 14644 | D:12     | Reached skill level 15 in Stealth
 14667 | D:12     | Found a staircase to the Orcish Mines.
 15130 | D:12     | Noticed a centaur warrior
 15134 | D:12     | Noticed a hill giant
 15138 | D:12     | Killed a centaur warrior
 15138 | D:12     | Reached skill level 17 in Hexes
 15180 | D:12     | Killed a hill giant
 15631 | D:13     | Noticed Grum
 15636 | D:13     | Killed Grum
 16125 | D:13     | Noticed a four-headed hydra
 16132 | D:13     | Killed a four-headed hydra
 16165 | D:13     | Noticed a centaur warrior
 16174 | D:13     | Killed a centaur warrior
 16209 | D:13     | Noticed a vault guard
 16212 | D:13     | Noticed Harold
 16212 | D:13     | Killed a vault guard
 16212 | D:13     | Reached skill level 18 in Hexes
 16216 | D:13     | Noticed a vault guard
 16220 | D:13     | Killed Harold
 16247 | D:13     | Killed a vault guard
 16291 | D:13     | Noticed a vault guard
 16339 | D:13     | Noticed Urug
 16343 | D:13     | Noticed a centaur warrior
 16361 | D:13     | a centaur warrior (ally) was killed
 16370 | D:13     | Killed Urug
 16528 | D:13     | Found a gate to the Vaults.
 16529 | D:13     | Noticed a centaur warrior
 16753 | D:13     | Killed a vault guard
 16753 | D:13     | Reached XP level 13. HP: 79/79 MP: 20/26
 16808 | D:13     | Noticed a vault guard
 16832 | D:13     | Killed a vault guard
 16919 | D:13     | Reached skill level 19 in Hexes
 17891 | D:14     | Reached skill level 1 in Armour
 18035 | D:14     | Learned a level 2 spell: Blink
 18038 | D:14     | Learned a level 2 spell: Repel Missiles
 18048 | D:14     | Gained mutation: Your body is slowly deteriorating. [potion of mutation]
 18048 | D:14     | Gained mutation: You are dopey. (Int -2) [potion of mutation]
 18048 | D:14     | Gained mutation: You are weak. (Str -2) [potion of mutation]
 18109 | D:14     | Acquired Ashenzari's fourth power
 18262 | D:14     | Noticed a sphinx
 18264 | D:14     | Paralysed by a sphinx for 2 turns
 18605 | D:14     | Reached skill level 20 in Hexes
 19150 | D:14     | Killed a sphinx
 19178 | D:14     | Noticed a stone giant
 19258 | D:14     | Killed a stone giant
 19279 | D:14     | Noticed a war gargoyle
 19544 | D:14     | Mangled by a red ugly thing

Action                   |  1- 3 |  4- 6 |  7- 9 | 10-12 | 13-15 || total
-------------------------+-------+-------+-------+-------+-------++-------
Melee: Dagger            |    93 |   105 |   328 |   928 |   290 ||  1744
Throw: Throwing net      |       |       |       |     1 |       ||     1
 Cast: Corona            |     4 |     2 |       |     3 |     3 ||    12
       Ensorcelled Hiber |     5 |     5 |    44 |    91 |    23 ||   168
       Confuse           |       |       |    11 |    41 |    21 ||    73
       Enslavement       |       |       |       |     4 |     8 ||    12
 Abil: Evoke Invisibilit |     1 |     6 |    13 |    21 |    14 ||    55
       Turn Visible      |     1 |     3 |     6 |    17 |     7 ||    34
  Use: Potion            |     1 |     3 |     1 |     7 |    10 ||    22
       Scroll            |       |       |    18 |    11 |    11 ||    40
 Stab: Sleeping          |    15 |    37 |    61 |   132 |    36 ||   281
       Invisible         |       |     2 |    22 |    48 |    26 ||    98
       Confused          |       |       |     6 |    25 |     9 ||    40
       Distracted        |       |       |     2 |     6 |     2 ||    10
       Held in net/web   |       |       |       |     1 |       ||     1
       Betrayed ally     |       |       |       |       |     1 ||     1
  Eat: Corpse            |       |       |       |       |     9 ||     9
